 Dungeon Crawl Stone Soup version 0.26.0-10-g1f06aea511 (webtiles) character file.

Game seed: 6746344283528343343

65 dohliylev the Chopper (level 3, 0/36 HPs)
             Began as a Troll Berserker on Jan 16, 2021.
             Was a Believer of Trog.
             Slain by a worm (5 damage)
             ... on level 2 of the Dungeon.
             The game lasted 00:02:43 (751 turns).

dohliylev the Chopper (Troll Berserker)              Turns: 751, Time: 00:02:43

Health: 0/36       AC:  6    Str: 26    XL:     3   Next: 94%
Magic:  2/2        EV: 10    Int:  3    God:    Trog [**....]
Gold:   39         SH:  0    Dex:  9    Spells: 2/2 levels left

rFire    . . .     SeeInvis .   a - +0 hand axe
rCold    . . .     Faith    .   (no shield)
rNeg     . . .     Spirit   .   b - +0 animal skin
rPois    .         Reflect  .   (helmet restricted)
rElec    .         Harm     .   (no cloak)
rCorr    .         Rampage  .   (gloves unavailable)
Will     .....                  (boots unavailable)
Stlth    +.........             (no amulet)
HPRegen  0.52/turn              (no ring)
MPRegen  0.08/turn              (no ring)

@: berserk cooldown, slowed, very slow
A: large, unfitting armour, claws 3, regeneration 1, shaggy fur 1, tough skin 3
a: Renounce Religion, Berserk, Trog's Hand


You were on level 2 of the Dungeon.
You worshipped Trog.
Trog was pleased with you.
You visited 1 branch of the dungeon, and saw 2 of its levels.

You collected 39 gold pieces.

Inventory:

Hand Weapons
 a - a +0 hand axe (weapon)
Armour
 b - a +0 animal skin (worn)
Scrolls
 c - 4 scrolls of identify {unknown}
 d - a scroll of immolation {unknown}
 e - a scroll of teleportation {unknown}
 g - a scroll of noise {unknown}
 h - a scroll of remove curse {unknown}
Potions
 f - a potion of attraction {unknown}


   Skills:
 + Level 2.9 Fighting
 + Level 3.2 Axes
 + Level 3.0 Dodging


You had 2 spell levels left.
You didn't know any spells.
Your spell library was empty.

Dungeon Overview and Level Annotations

Branches:
Dungeon (2/15)

Altars:


Innate Abilities, Weirdness & Mutations

You are too large for most types of armour.
You have claws for hands.
Your natural rate of healing is unusually fast.
You are covered in fur. (AC +1)
You have extremely tough skin. (AC +3)


Message History

You hit the worm.
The worm is lightly wounded.
The worm barely misses you.
You hit the worm.
The worm is moderately wounded.
The worm bites you!
You hit the worm.
The worm is heavily wounded.
The worm bites you.
You hit the worm but do no damage.
The worm is heavily wounded.
The worm bites you.
* * * LOW HITPOINT WARNING * * *
You slash the worm!
The worm is almost dead.
The worm bites you.
* * * LOW HITPOINT WARNING * * *
You see here 2 stones.
The worm bites you.
You die...

#..# ...# .
#...####...# .#.. #.##
.........##.... .....
..............
#....####..#.#.......
##......##...........
........###†)...^....
.........#w(#....#.....
..>....#(@(............
.........####(....#...#
........## #..###.....#
<......#####.###......#
.............# #......#
........(...##
#...†..###
............#
#.......##
##.........###
#........#
...........###.........


You could see a worm.

Vanquished Creatures
  Jessica (D:2)
  An adder (D:2)
  2 dart slugs
  A giant cockroach (D:2)
  A goblin (D:1)
  A hobgoblin (D:1)
  3 jackals (D:1)
  5 bats
  4 frilled lizards
  6 kobolds
  6 rats (D:1)
31 creatures vanquished.

Vanquished Creatures (others)
  4 plants (D:1)
4 creatures vanquished.

Grand Total: 35 creatures vanquished

Notes
Turn   | Place    | Note
-------+----------+-------------------------------------------
     0 | D:1      | dohliylev the Troll Berserker began the quest for the Orb.
     0 | D:1      | Reached XP level 1. HP: 22/22 MP: 0/0
   153 | D:1      | Reached XP level 2. HP: 29/29 MP: 1/1
   717 | D:2      | Noticed Jessica
   727 | D:2      | Reached ** piety under Trog
   733 | D:2      | Killed Jessica
   734 | D:2      | Reached XP level 3. HP: 20/36 MP: 2/2
   751 | D:2      | Slain by a worm

Illustrated notes

Levels and vault maps discovered:
D:1:      dpeg_arrival_leaves_temple_mockup, layout_basic, serial_forest,
          infiniplex_forest_zigzag_2, infiniplex_forest_clump_diagonal,
          infiniplex_forest_clump_cross, infiniplex_forest_lined_3,
          infiniplex_forest_lined_2, infiniplex_forest_end_double,
          infiniplex_forest_clump_large, infiniplex_forest_clump_double
D:2:      layout_rooms, uniq_crazy_yiuf_cottage, uniq_jessica

Skill      XL: |  1  2 |
---------------+-------+-----
Axes           | 3 |  3.2
Dodging        | 3 |  3.0
Fighting       | |  2.9

Action                   || total
-------------------------++-------
Melee: Hand axe          ||    91
Invok: Berserk           ||     3
Armor: Animal skin       ||    64
Dodge: Dodged            ||    68
